 Dungeon Crawl Stone Soup version 0.28-a0-1033-g1a2f33fa85 (webtiles) character file.

Game seed: 16422656105279841656

75 Blackjack the Skirmisher (level 4, -11/36 (41) HPs)
             Began as a Hill Orc Fighter on Dec 7, 2021.
             Mangled by an ogre (24 damage)
             ... on level 3 of the Dungeon.
             The game lasted 00:08:22 (2652 turns).

Blackjack the Skirmisher (Hill Orc Fighter)         Turns: 2652, Time: 00:08:22

HP:   -11/36 (41)   AC: 10    Str: 20    XL:     4   Next: 31%
MP:   4/4           EV:  7    Int:  8    God:
Gold: 193           SH:  4    Dex: 10    Spells: 3/3 levels left

rFire   . . .      SeeInvis .   a - +0 war axe
rCold   . . .      Faith    .   c - +0 buckler
rNeg    . . .      Spirit   .   j - +0 chain mail
rPois   .          Reflect  .   (no helmet)
rElec   .          Harm     .   (no cloak)
rCorr   .          Rampage  .   (no gloves)
Will    .....                   h - +0 pair of boots
Stlth   ..........              (no amulet)
HPRegen 0.12/turn               (no ring)
MPRegen 0.09/turn               (no ring)

@: heavily drained
A: no striking features
a: no special abilities


You were on level 3 of the Dungeon.
You visited 1 branch of the dungeon, and saw 4 of its levels.

You collected 193 gold pieces.

Inventory:

Hand Weapons
 a - a +0 war axe (weapon)
Armour
 c - a +0 buckler (worn)
 h - a +0 pair of boots (worn)
 j - a +0 chain mail (worn)
Scrolls
 e - a scroll of magic mapping {unknown}
 f - 2 scrolls of teleportation {unknown}
 g - 2 scrolls of identify {unknown}
 i - 2 scrolls of enchant armour {unknown}
 l - a scroll of vulnerability {unknown}
Potions
 b - a potion of degeneration {unknown}
 d - a potion of might
 k - a potion of mutation {unknown}


   Skills:
 + Level 4.3 Fighting
 + Level 3.5 Axes
 + Level 4.0 Armour
 + Level 4.0 Shields


You had 3 spell levels left.
You didn't know any spells.
Your spell library contained the following spells:

 Spells                   Type           Power      Damage    Failure   Level
 Sublimation of Blood     Necr           0%         N/A       100%        2
 Petrify                  Tmut/Erth      0%         N/A       100%        4
 Irradiate                Conj/Tmut      0%         3d13      100%        5


Dungeon Overview and Level Annotations

Branches:
Dungeon (4/15)
 Temple: D:4-7

Altars:


Message History

l - a scroll labelled TASMECREACK You see here a +0 barding.
Done exploring.
Done exploring.
(D) Dungeon
Where to? (Enter - D:3, ? - help)
What level of the Dungeon? (default 1, ? - help)
There is a stone staircase leading down here.
You climb downwards.
The ogre shouts!
The hobgoblin shouts!
Found three items.
Found a stone staircase leading down.
There is a stone staircase leading up here.
There are monsters nearby!
Sorry, you're not good enough to have a special ability.
The ogre hits you with a +0 giant club!
You climb upwards.
There is a stone staircase leading down here.
You see here a +0 barding.
There is a stone staircase leading down here.
You climb downwards.
The ogre shouts!
The gnoll hits you but does no damage.
There is a stone staircase leading up here.
The gnoll hits you but does no damage.
You climb upwards.
The ogre hits you with a +0 giant club.
There is a stone staircase leading down here.
The gnoll hits you with a +0 spear. The gnoll closely misses you.
The gnoll hits you from afar with a +0 spear.
The gnoll hits you but does no damage. You block the ogre's attack.
The gnoll hits you from afar with a +0 spear.
The gnoll hits you but does no damage.
You barely miss the ogre. The gnoll barely misses you.
The ogre hits you but does no damage.
The gnoll hits you from afar with a +0 spear.
You block the ogre's attack.
You barely miss the ogre.
The ogre hits you with a +0 giant club!!
Ouch! That really hurt!
You die...

........#.#.###........#
<.......#....##(.......#
........##.............#
.......................#
..#...####.............#
.####............g.....#
.# ######>............#
.# #.....##O###### .##
#......@.# ..##
#.....#### ...## #.....#
....# #.....# ....#
####### ....# ....#
....# ...##


You could see an ogre and a gnoll.

Vanquished Creatures
  4 adders
  A worm (D:2)
  An orc (D:3)
  5 ball pythons
  4 endoplasms
  2 goblins
  A hobgoblin (D:2)
  3 jackals (D:3)
  3 quokkas
  5 bats
  3 frilled lizards (D:1)
  3 kobolds
  2 rats
37 creatures vanquished.

Notes
Turn   | Place    | Note
-------+----------+-------------------------------------------
     0 | D:1      | Blackjack the Hill Orc Fighter began the quest for the Orb.
     0 | D:1      | Reached XP level 1. HP: 19/19 MP: 1/1
   258 | D:1      | Reached XP level 2. HP: 27/27 MP: 2/2
   790 | D:2      | Reached XP level 3. HP: 11/24 MP: 3/3
  1621 | D:2      | Found a faded altar of an unknown god.
  1901 | D:3      | Reached XP level 4. HP: 33/34 MP: 4/4
  2594 | D:4      | Noticed an ogre
  2634 | D:4      | Noticed an ogre
  2652 | D:3      | Mangled by an ogre

Illustrated notes

Levels and vault maps discovered:
D:1:      dpeg_arrival_tiny_a, layout_rooms, chequers_jeans
D:2:      layout_rooms, hellmonk_ecumenical_altar_inner_sanctum
D:3:      layout_rooms
D:4:      layout_cave_pools, grunt_temple_overflow_open, serial_shops, shop

Skill      XL: |  1  2  3  4 |
---------------+-------------+-----
Axes           | 3 |  3.5
Fighting       | 4 |  4.3
Armour         | 4 |  4.0
Shields        | 4 |  4.0

Action                   |  1- 3 |  4- 6 || total
-------------------------+-------+-------++-------
Melee: War axe           |   130 |    49 ||   179
  Use: Potion            |     1 |       ||     1
Armor: Scale mail        |    67 |    12 ||    79
       Chain mail        |       |    21 ||    21
Dodge: Dodged            |    70 |    27 ||    97
Block: Buckler           |    25 |    13 ||    38

Table legend: (Time is in decaauts)
 A = Elapsed time spent in this place.
 B = Non-inter-level travel time spent in this place.
 C = Inter-level travel time spent in this place.
 D = Time resting spent in this place.
 E = Time spent auto-exploring this place.
 F = Levels seen in this place.
 G = Mean time per level.
                   A        B        C        D        E       F      G
               +--------+--------+--------+--------+--------+-----+--------+
         Total |   2715 |   2662 |     53 |    609 |   1535 |   4 |  678.8 |
       Dungeon |   2715 |   2662 |     53 |    609 |   1535 |   4 |  678.8 |
               +--------+--------+--------+--------+--------+-----+--------+

Top non-repeatable levels by time:
     D:2: 1115 daAuts
     D:3: 810 daAuts
     D:1: 783 daAuts
     D:4: 5 daAuts
